 Dungeon Crawl Stone Soup version 0.17-a0-1037-gbf358b4 (webtiles) character file.

167 krabocopter the Vexing (level 5, 0/38 HPs)
             Began as a Demonspawn Wanderer on May 14, 2015.
             Killed from afar by Pikaro's ghost (9 damage)
             ... with a zap
             ... on level 3 of the Dungeon.
             The game lasted 00:14:34 (3397 turns).

krabocopter the Vexing (Demonspawn Wanderer)        Turns: 3397, Time: 00:14:34

Health: 0/38       AC:  8    Str: 13    XL:     5   Next: 23%
Magic:  8/8        EV: 18    Int: 13    God:
Gold:   167        SH:  0    Dex: 21    Spells: 1 memorised, 6 levels left

rFire  . . .     SeeInvis .     t - +0 dagger (flame)
rCold  . . .     Clarity  .     a - +2 leather armour
rNeg   . . .     SustAb   .     (no shield)
rPois  .         Gourm    .     (helmet restricted)
rElec  .         Spirit   .     x - +0 cloak
rCorr  .         Warding  .     (no gloves)
rMut   .         Stasis   .     (no boots)
MR     .....                    (no amulet)
Stlth  +++.......               (no ring)
                                q - +3 ring of strength

@: agile, not resistant to hostile enchantments, fairly stealthy
A: antennae 1, thin metallic scales 1, rot immunity
a: no special abilities


You were on level 3 of the Dungeon.
You were hungry.

You visited 1 branch of the dungeon, and saw 3 of its levels.

You collected 167 gold pieces.

Inventory:

Hand weapons
 t - a +0 dagger of flaming (weapon)
Armour
 a - a +2 leather armour (worn)
 l - a +0 helmet
 x - a +0 cloak (worn)
Jewellery
 q - a +3 ring of strength (left hand)
Scrolls
 e - 3 scrolls of identify {unknown}
 f - a scroll of magic mapping {unknown}
 i - a scroll of amnesia {unknown}
 j - 2 scrolls of fear {unknown}
 k - a scroll of remove curse {unknown}
 m - a scroll of enchant armour {unknown}
 s - a scroll of immolation {unknown}
 w - a scroll of teleportation {unknown}
Potions
 g - a potion of cancellation {unknown}
 p - a potion of cure mutation {unknown}
 r - a potion of heal wounds {unknown}
Books
 b - the Handbook of Snow

   Spells                             Type                      Level
   a - Throw Frost                    Conjuration/Ice              2
   b - Ensorcelled Hibernation        Hexes/Ice                    2
Comestibles
 d - 3 bread rations
 h - 2 slices of pizza
 n - 2 meat rations
 o - a beef jerky


   Skills:
 - Level 2.0 Fighting
 - Level 2.6 Dodging
 - Level 1.0 Stealth
   Level 1.0 Shields
 - Level 2.0 Spellcasting
 + Level 3.2 Hexes
   Level 2.1 Necromancy
 + Level 2.6 Ice Magic


You had 6 spell levels left.
You knew the following spells:

 Your Spells              Type           Power        Failure   Level  Hunger
a - Ensorcelled Hibernat  Hex/Ice        #.....       17%         2    ###....


Dungeon Overview and Level Annotations

Branches:
Dungeon (3/15)

Altars:
Fedhas
Zin

Annotations:
D:3 Pikaro's ghost, average TeAE


Innate Abilities, Weirdness & Mutations

You have a pair of small antennae on your head.
You are partially covered in thin metallic scales (AC +2).
You are immune to rotting.


Message History

Pikaro's ghost is heavily damaged.
Pikaro's ghost hits you but does no damage.
You closely miss Pikaro's ghost.
Pikaro's ghost is heavily damaged.
Pikaro's ghost gestures wildly while chanting.
The kobold is struck by lightning.
The kobold dies!
The lightning arcs!
Pikaro's ghost is struck by lightning.
The lightning arcs!
You are struck by lightning.
The lightning grounds out.
You are struck by lightning.
* * * LOW HITPOINT WARNING * * *
The lightning grounds out.
You hit Pikaro's ghost. You burn Pikaro's ghost.
Pikaro's ghost is almost destroyed.
Pikaro's ghost barely misses you.
You hit Pikaro's ghost. You burn Pikaro's ghost.
Pikaro's ghost is almost destroyed.
Pikaro's ghost points at you and mumbles some strange words.
The zap hits you!
You die...

..........## ##........
...........# .# # #........
...........# .##'# #........
...........# ... ####+##..
...........# ####.##'# ####+####
..#........# #..'.'..# #.......#
..#........#.#K.#.#..# #.......#
.........#.#.#'##.####.##.....<>#
########.#.#..)W@......#####+#...
....<...#.#'##.####.# #...
#####.#.#.#..'.'..# #...
#.#.#.#†.#.#.8# ..###
#.#.#.####.####.# ....
#.#.............# .....
#.############# ..... #.. ....
...


You could see Pikaro's ghost.

Vanquished Creatures
  Natasha (D:3)
  Robin (D:2)
  7 adders
  An ooze (D:2)
  A worm (D:2)
  A giant gecko (D:2)
  7 bats
  18 goblins
  5 hobgoblins
  3 jackals (D:2)
  9 kobolds
  A giant cockroach (D:1)
  3 quokkas
  7 rats
65 creatures vanquished.

Vanquished Creatures (others)
  A giant cockroach (D:3)
  2 kobolds (D:3)
3 creatures vanquished.

Grand Total: 68 creatures vanquished

Notes
Turn   | Place    | Note
--------------------------------------------------------------
     0 | D:1      | krabocopter the Demonspawn Wanderer began the quest for the Orb.
     0 | D:1      | krabocopter set off with: a +2 leather armour, the Handbook of Snow, a +0 dagger, a bread ration
     0 | D:1      | Reached XP level 1. HP: 16/16 MP: 2/2
     0 | D:1      | Identified the Handbook of Snow
   208 | D:1      | Gained mutation: You are immune to rotting. [demonic ancestry]
   208 | D:1      | Reached XP level 2. HP: 15/22 MP: 4/4
   368 | D:1      | Learned a level 2 spell: Ensorcelled Hibernation
   685 | D:2      | Reached skill level 1 in Hexes
   870 | D:2      | Found a glowing silver altar of Zin.
   939 | D:2      | Reached XP level 3. HP: 14/27 MP: 6/6
  1325 | D:2      | Reached skill level 1 in Ice Magic
  1543 | D:2      | Found a blossoming altar of Fedhas.
  2072 | D:2      | Noticed Robin
  2113 | D:2      | Gained mutation: You are partially covered in thin metallic scales (AC +2). [demonic ancestry]
  2113 | D:2      | Reached XP level 4. HP: 26/33 MP: 7/7
  2352 | D:2      | Killed Robin
  2840 | D:3      | Noticed Natasha
  2873 | D:3      | Killed Natasha
  2873 | D:3      | Reached skill level 3 in Hexes
  2873 | D:3      | Gained mutation: You have a pair of small antennae on your head. [demonic ancestry]
  2873 | D:3      | Reached XP level 5. HP: 11/38 MP: 8/8
  3361 | D:3      | Noticed Pikaro's ghost (average TeAE)
  3397 | D:3      | Killed from afar by Pikaro's ghost

Vault maps used:
D:1:      scummos_arrival_simple_fountains, hangedman_abyss_or_decor_stabs
D:2:      kennysheep_goblin_castle, lemuel_crystal_altar, fedhas_altar_1
D:3:      minmay_door_path, old_standard_altar, uniq_natasha, uniq_grinder

Action                   |  1- 3 |  4- 6 || total
-------------------------+-------+-------++-------
Melee: Dagger            |   244 |   196 ||   440
 Cast: Ensorcelled Hiber |     1 |     1 ||     2
  Use: Potion            |     1 |     2 ||     3
 Stab: Sleeping          |     3 |     3 ||     6
  Eat: Chunk             |     4 |     4 ||     8
